AoeStats
← Invictus SPQR

Arabia

509668562Analyzed
2v2 RM · 5d ago on Sep 27, 2026· 30m 26s· 4 players
Game mode
Random Map
Map size
Medium (4 player)
Population
200
Speed
Normal
Resources
Standard
Victory
Conquest
Starting age
Dark Age
Ending age
Imperial Age
RankedLock teamsTeams togetherTeam positionsShared explorationLock speedFull tech treeHidden civsTurbo modeCheats
Victory
Defeat
🇲🇽 Teutons · Mexico
1376
+17
🇲🇽 Persians · Mexico
1374
+17
🇩🇪 Hindustanis · Germany
1442
-19
🇩🇪 Chinese · Germany
1338
-15
[GMEX] alanhg710
6:47 Loom
9:16 Feudal Age
15:39 Scale Barding Armor
16:01 Horse Collar
22:12 Castle Age
21:24 Bloodlines
21:22 Double-Bit Axe
23:57 Bow Saw
25:11 Chain Barding Armor
27:59 Forging
28:31 Gold Mining
31:31 Wheelbarrow
ZabWolff
6:33 Loom
8:57 Feudal Age
9:42 Double-Bit Axe
12:23 Fletching
23:30 Castle Age
23:02 Padded Archer Armor
23:24 Crossbowman
23:59 Bodkin Arrow
25:19 Town Watch
25:29 Horse Collar
25:50 Gold Mining
29:11 Ballistics
Invictus SPQR
0:25 Loom
8:54 Feudal Age
11:15 Gold Mining
17:18 Fletching
20:22 Wheelbarrow
21:53 Padded Archer Armor
27:02 Castle Age
25:12 Horse Collar
25:21 Double-Bit Axe
27:22 Crossbowman
28:00 Bodkin Arrow
28:52 Ballistics
sunSmit
8:15 Feudal Age
9:25 Double-Bit Axe
12:02 Loom
12:54 Horse Collar
22:33 Padded Archer Armor
22:44 Scale Barding Armor
23:25 Bloodlines
24:11 Forging
28:23 Castle Age
28:24 Light Cavalry
29:25 Chain Barding Armor
30:46 Bow Saw
Connection lost

Rejoining the realm…

Still unreachable

The connection could not be restored.

Session expired

The server has moved on; the page needs a fresh start.